 Dungeon Crawl Stone Soup version 0.31-a0-977-gc230f8ef24 (webtiles) character file.

Game seed: 11212163969048401820

421 croobank the Chiller (level 6, -1/41 HPs)
             Began as a Demonspawn Ice Elementalist on Oct 29, 2023.
             Killed from afar by Pikel (4 damage)
             ... with a bolt of dispelling energy
             ... on level 4 of the Dungeon.
             The game lasted 00:10:05 (4291 turns).

croobank the Chiller (Demonspawn Ice Elementalist)  Turns: 4291, Time: 00:10:06

Health: -1/41      AC:  5    Str:  8    XL:     6   Next: 62%
Magic:  1/11       EV: 13    Int: 24    God:
Gold:   134        SH:  0    Dex: 13    Spells: 5/12 levels left

rFire   . . .        a - +3 short sword
rCold   . . .        (no shield)
rNeg    . . .        e - +0 robe
rPois   .            q - +2 helmet "Amut Tee" {Contam Regen+ Int+5}
rElec   .            (no cloak)
rCorr   .            (no gloves)
SInv    .            (no boots)
Will    .....        k - amulet of regeneration
Stlth   ++           (no ring)
HPRegen 1.86/turn    (no ring)
MPRegen 0.12/turn

%: no passive effects
@: no status effects
A: foul stench 1, powered by death 2
a: no special abilities


You were on level 4 of the Dungeon.
You visited 1 branch of the dungeon, and saw 4 of its levels.

You collected 182 gold pieces.
You spent 48 gold pieces at shops.

Inventory:

Hand Weapons
 a - a +3 short sword (weapon)
Missiles
 f - 10 javelins
 j - 4 poisoned darts
Armour
 e - a +0 robe (worn)
 i - a +0 kite shield
 q - the +2 helmet "Amut Tee" (worn) {Contam Regen+ Int+5}
   (You acquired it on level 4 of the Dungeon)

   Int+5:     It affects your intelligence (+5).
   Contam:    It causes magical contamination when unequipped.
   Regen+:    It increases your rate of health regeneration.
Jewellery
 k - an amulet of regeneration (around neck)
Scrolls
 d - 3 scrolls of revelation
 h - 2 scrolls of teleportation
 n - a scroll of fog
 o - a scroll of noise {unknown}
 p - a scroll of enchant armour {unknown}
Potions
 b - a potion of magic
 c - 2 potions of curing
 g - a potion of berserk rage
 l - 4 potions of brilliance
 m - a potion of heal wounds


   Skills:
 + Level 3.5 Dodging
 + Level 3.7 Stealth
 + Level 3.6 Spellcasting
 + Level 4.8 Ice Magic


You had 5 spell levels left.
You knew the following spells:

 Your Spells              Type           Power      Damage    Failure   Level
a - Freeze                Ice            100%       1d10      1%          1
b - Frozen Ramparts       Ice            54%        1d9       4%          3
c - Ozocubu's Armour      Ice            27%        N/A       4%          3

Your spell library contained the following spells:

 Spells                   Type           Power      Damage    Failure   Level
 Poisonous Vapours        Pois/Air       8%         N/A       16%         2
 Mephitic Cloud           Conj/Pois/Air  4%         N/A       30%         3
 Summon Ice Beast         Ice/Summ       15%        N/A       36%         4
 Freezing Cloud           Conj/Ice/Air   6%         6-21      82%         5


Dungeon Overview and Level Annotations

Branches:
Dungeon (4/15)
 Temple: D:4-7

Altars:
Hepliaklqana
Kikubaaqudgha
Qazlal
Ru
Sif Muna
Wu Jian
Yredelemnul

Shops:
D:3 ?

Annotations:
D:4 Pikel


Innate Abilities, Weirdness & Mutations

You may rarely emit foul miasma when damaged in melee.
You regenerate health from kills.


Message History

Aim: Pikel, wielding a +0 whip of flaming, wearing a +2 robe and carrying a wand of quicksilver (heavily wounded)
You freeze Pikel.
Pikel is heavily wounded.
Your icy armour evaporates.
The frozen ramparts melt away.
Pikel zaps a wand.
The bolt of dispelling energy hits you!
Casting: Freeze (safe; 1% risk of failure)
Confirm with . or Enter, or press ? or * to list all spells.
You don't have enough magic to cast this spell.
You hit Pikel. You punch Pikel, but do no damage.
Pikel is severely wounded.
Pikel hits you with a +0 whip of flaming!
Pikel burns you.
You hit Pikel.
Pikel is severely wounded.
Pikel hits you but does no damage.
You hit Pikel.
Pikel is severely wounded.
Pikel closely misses you.
You closely miss Pikel.
Pikel is severely wounded.
Pikel hits you with a +0 whip of flaming.
Pikel burns you.
You hit Pikel but do no damage.
Pikel is severely wounded.
Pikel hits you with a +0 whip of flaming.
Pikel burns you.
You hit Pikel but do no damage. You punch Pikel, but do no damage.
Pikel is severely wounded.
Pikel hits you with a +0 whip of flaming.
Pikel burns you.
You closely miss Pikel.
Pikel is severely wounded.
Pikel zaps a wand.
The bolt of dispelling energy hits you!
* * * LOW HITPOINT WARNING * * *
You closely miss Pikel.
Pikel is severely wounded.
Pikel zaps a wand.
The bolt of dispelling energy hits you.
You die...
Pikel says, "Another soul for the market."

# #......# # # #......# #
#......# # #......# # # #
#......# #. .# # ##......# #.##
##.# ###.......# ... 5..
..).##.##.# #†#K# ###....##.#
#.@.# ########## ###)...##.#
##.## #......... .......##.# #.#
#.####.###
###.#...#.######.#######)####.##
#
#.....................).......#
#
#.....#########.#.#.#..#.##.#..
# ###...# #..###...#.##.### ###
#...# ###.##..).......... .÷#
#...# #....>.#..#####.###


You could see Pikel and a lemure.

Vanquished Creatures
  A black bear (D:4)
  3 lemures (D:4)
  3 jellies (D:4)
  A hound (D:4)
  An orc priest (D:4)
  An iguana (D:2)
  An orc wizard (D:4)
  2 adders
  A worm (D:3)
  3 dart slugs
  3 orcs
  14 endoplasms
  5 giant cockroaches
  4 goblins
  3 hobgoblins
  5 jackals (D:1)
  14 kobolds
  6 quokkas
  5 ball pythons
  7 bats
  3 frilled lizards
  4 rats
90 creatures vanquished.

Notes
Turn   | Place    | Note
-------+----------+-------------------------------------------
     0 | D:1      | croobank the Demonspawn Ice Elementalist began the quest
                  | for the Orb.
     0 | D:1      | Reached XP level 1. HP: 13/13 MP: 3/3
   208 | D:1      | Gained mutation: You may rarely emit foul miasma when
                  | damaged in melee. [demonic ancestry]
   208 | D:1      | Reached XP level 2. HP: 19/19 MP: 3/5
   366 | D:1      | Found a faded altar of an unknown god.
   689 | D:1      | Reached XP level 3. HP: 21/24 MP: 2/6
   693 | D:1      | Learned a level 3 spell: Frozen Ramparts
  1286 | D:2      | Reached skill level 4 in Ice Magic
  1388 | D:2      | Gained mutation: You regenerate a little health from kills.
                  | [demonic ancestry]
  1388 | D:2      | Reached XP level 4. HP: 30/30 MP: 7/7
  1563 | D:2      | Identified the +7 dagger of True Grit {drain, rPois Str+2}
  2443 | D:3      | Found Lifocrat's Magic Scroll Boutique.
  2452 | D:3      | Bought a scroll of identify for 24 gold pieces
  2452 | D:3      | Bought a scroll of identify for 24 gold pieces
  2856 | D:4      | Learned a level 3 spell: Ozocubu's Armour
  2883 | D:4      | Found a hazy altar of Hepliaklqana.
  3104 | D:4      | Reached XP level 5. HP: 19/35 MP: 0/9
  3437 | D:4      | Noticed a black bear
  3444 | D:4      | Killed a black bear
  3550 | D:4      | Gained mutation: You regenerate health from kills. [demonic
                  | ancestry]
  3550 | D:4      | Reached XP level 6. HP: 41/41 MP: 2/11
  4098 | D:4      | Found a stormy altar of Qazlal.
  4098 | D:4      | Found an ornate altar of the Wu Jian Council.
  4098 | D:4      | Found a shimmering blue altar of Sif Muna.
  4098 | D:4      | Found a basalt altar of Yredelemnul.
  4098 | D:4      | Found an ancient bone altar of Kikubaaqudgha.
  4098 | D:4      | Found a sacrificial altar of Ru.
  4261 | D:4      | Identified a scroll of acquirement
  4261 | D:4      | Identified the "Naogru" (You acquired it on level 4 of the
                  | Dungeon)
  4261 | D:4      | Acquired the +2 helmet "Amut Tee" {Contam Regen+ Int+5}
  4273 | D:4      | Noticed Pikel
  4290 | D:4      | HP: 1/41 [Pikel/bolt of dispelling energy (17)]
  4291 | D:4      | Killed from afar by Pikel

Illustrated notes

Levels and vault maps discovered:
D:1:      amcnicky_arrival_feature_with_door, layout_basic,
          hellmonk_ecumenical_altar_zigzags
D:2:      layout_basic
D:3:      layout_basic, nicolae_overflow_crystal_walls, serial_shops, shop,
          roderic_serpentine_path
D:4:      cheibrodos_fertilizer, layout_loops_cross,
          nicolae_hepliaklqana_hippocampus, uniq_pikel

Skill      XL: |  1  2  3  4  5 |
---------------+----------------+-----
Stealth        | 2 3 |  3.7
Dodging        | 2 3 |  3.5
Ice Magic      | 4 |  4.8
Spellcasting   | 3 |  3.6

Action                     |  1- 3 |  4- 6 || total
---------------------------+-------+-------++-------
  Melee: Short sword       |    12 |    77 ||    89
         Punch             |       |     4 ||     4
   Cast: Freeze            |    44 |    29 ||    73
         Frozen Ramparts   |       |    19 ||    19
         Ozocubu's Armour  |       |     8 ||     8
    Use: Scroll            |     2 |    10 ||    12
   Stab: Sleeping          |     6 |     8 ||    14
 Armour: Robe              |    15 |    62 ||    77
  Dodge: Dodged            |    22 |    55 ||    77

Table legend: (Time is in decaauts)
 A = Elapsed time spent in this place.
 B = Non-inter-level travel time spent in this place.
 C = Inter-level travel time spent in this place.
 D = Time resting spent in this place.
 E = Time spent auto-exploring this place.
 F = Levels seen in this place.
 G = Mean time per level.
                   A        B        C        D        E       F      G
               +--------+--------+--------+--------+--------+-----+--------+
         Total |   4289 |   4191 |     98 |    563 |   2974 |   4 | 1072.2 |
       Dungeon |   4289 |   4191 |     98 |    563 |   2974 |   4 | 1072.2 |
               +--------+--------+--------+--------+--------+-----+--------+

Top non-repeatable levels by time:
     D:4: 1550 daAuts
     D:1: 1012 daAuts
     D:2: 896 daAuts
     D:3: 829 daAuts
